 Dungeon Crawl Stone Soup version 0.26.1-11-gd32895ea62 (webtiles) character file.

Game seed: 1164829995524357027

497 nightchill the Cleaver (level 7, 46/63 HPs)
             Began as a Hill Orc Fighter on July 28, 2021.
             Quit the game on level 4 of the Dungeon.
             The game lasted 00:04:21 (3340 turns).

nightchill the Cleaver (Hill Orc Fighter)           Turns: 3340, Time: 00:04:22

Health: 46/63      AC:  6    Str: 21    XL:     7   Next: 16%
Magic:  7/7        EV:  7    Int:  8    God:
Gold:   143        SH:  9    Dex: 10    Spells: 6/6 levels left

rFire    . . .     SeeInvis .   a - +0 war axe
rCold    . . .     Faith    .   c - +0 kite shield
rNeg     . . .     Spirit   .   b - +0 scale mail
rPois    .         Reflect  .   (no helmet)
rElec    .         Harm     .   (no cloak)
rCorr    .         Rampage  .   (no gloves)
Will     .....                  (no boots)
Stlth    ..........             (no amulet)
HPRegen  0.20/turn              (no ring)
MPRegen  0.10/turn              (no ring)

@: no status effects
A: no striking features
a: no special abilities


You were on level 4 of the Dungeon.
You visited 1 branch of the dungeon, and saw 4 of its levels.

You collected 143 gold pieces.

Inventory:

Hand Weapons
 a - a +0 war axe (weapon)
 t - a +2 hand axe of electrocution
Missiles
 k - a throwing net (quivered)
Armour
 b - a +0 scale mail (worn)
 c - a +0 kite shield (worn)
Wands
 n - a wand of iceblast (14)
Scrolls
 e - 8 scrolls of remove curse {unknown}
 h - a scroll of fog {unknown}
 i - 2 scrolls of blinking {unknown}
 j - 4 scrolls of immolation {unknown}
 m - a scroll of teleportation {unknown}
 o - 2 scrolls of enchant weapon {unknown}
 r - 2 scrolls of identify {unknown}
 s - a scroll of amnesia {unknown}
Potions
 d - a potion of might
 f - a potion of lignification {unknown}
 g - 3 potions of haste {unknown}
 l - 4 potions of attraction {unknown}
 p - a potion of heal wounds {unknown}
 q - a potion of brilliance {unknown}


   Skills:
 + Level 6.1 Fighting
 * Level 8.3 Axes
 - Level 3.2 Armour
 - Level 3.2 Shields


You had 6 spell levels left.
You didn't know any spells.
Your spell library contained the following spells:

 Spells                   Type           Power        Failure   Level
 Corona                   Hex            0%           99%         1
 Ensorcelled Hibernation  Hex/Ice        0%           100%        2
 Confusing Touch          Hex            0%           100%        3
 Dazzling Flash           Conj/Hex       0%           100%        3
 Gell's Gravitas          Tloc           0%           100%        3
 Tukima's Dance           Hex            0%           100%        3
 Petrify                  Tmut/Erth      0%           100%        4
 Metabolic Englaciation   Hex/Ice        0%           100%        5
 Yara's Violent Unravell  Hex/Tmut       0%           100%        5


Dungeon Overview and Level Annotations

Branches:
Dungeon (4/15)
 Temple: D:4-7

Altars:
Nemelex Xobeh

Annotations:
D:2 exclusion: downstairs


Message History

You kill the orc wizard!
You block the orc's attack. The orc hits you with a +0 trident.
There is an open door, spattered with blood here.
Items here: )) [ ††.
You slash the orc!
You kill the orc!
Things that are here:
a +0 trident; a +0 chain mail; an orc corpse
There is an open door, spattered with blood here.
Items here: )) [ ††.
There is a stone staircase leading up here.
What are your orders? t - Shout!
Orders for allies: a - Attack new target. r - Retreat! s - Stop attacking. g - Guard the area. f - Follow me.
Anything else - Cancel.
Okay, then.
Are you sure you want to abandon this character and quit the game? (Confirm with "yes".)

######
#....#
#....# ..
#..@.# ....
####)##.....
#..)).......
#......##+#.
#......#
.........#
......>....#
.....#######
.....


There were no monsters in sight!

Vanquished Creatures
  Sigmund (D:3)
  An ice beast (D:2)
  2 orc wizards
  Ijyb (D:3)
  Terence (D:3)
  5 adders
  An ooze (D:3)
  3 worms
  A dart slug (D:1)
  3 leopard geckos
  7 orcs
  4 giant cockroaches
  11 goblins
  7 hobgoblins
  8 jackals
  17 kobolds
  A quokka (D:2)
  5 bats
  5 frilled lizards
  8 rats
92 creatures vanquished.

Notes
Turn   | Place    | Note
-------+----------+-------------------------------------------
     0 | D:1      | nightchill the Hill Orc Fighter began the quest for the
                  | Orb.
     0 | D:1      | Reached XP level 1. HP: 19/19 MP: 1/1
    96 | D:1      | Reached skill level 3 in Axes
   113 | D:1      | Reached XP level 2. HP: 26/27 MP: 2/2
   335 | D:1      | Reached skill level 4 in Axes
   447 | D:1      | Reached XP level 3. HP: 30/33 MP: 3/3
  1119 | D:2      | Reached XP level 4. HP: 22/41 MP: 4/4
  1120 | D:2      | Reached skill level 5 in Axes
  1826 | D:2      | Noticed an ice beast
  1836 | D:2      | Killed an ice beast
  1837 | D:2      | Reached skill level 5 in Fighting
  1837 | D:2      | Reached skill level 6 in Axes
  1837 | D:2      | Reached XP level 5. HP: 31/48 MP: 5/5
  2192 | D:3      | Found a sparkling altar of Nemelex Xobeh.
  2192 | D:3      | Noticed Ijyb
  2193 | D:3      | Noticed Sigmund
  2201 | D:3      | Killed Ijyb
  2430 | D:3      | Killed Sigmund
  2431 | D:3      | Reached skill level 7 in Axes
  2431 | D:3      | Reached XP level 6. HP: 35/57 MP: 6/6
  2592 | D:3      | Noticed Terence
  2604 | D:3      | Killed Terence
  2825 | D:3      | Reached skill level 8 in Axes
  3058 | D:3      | Reached XP level 7. HP: 62/62 MP: 7/7
  3340 | D:4      | Quit the game

Illustrated notes

Levels and vault maps discovered:
D:1:      mrwooster_arrival_arrow, layout_rooms, serial_aquarium,
          aquarium_bridge_long_joined [aquarium_subvault_wall,
          aquarium_subvault_wall, aquarium_subvault_bridge,
          aquarium_subvault_balcony, aquarium_subvault_wall,
          aquarium_subvault_window], aquarium_bridge_square
          [aquarium_subvault_bridge, aquarium_subvault_wall,
          aquarium_subvault_wall, aquarium_subvault_wall],
          aquarium_window_corner, aquarium_window_2, aquarium_window_1,
          aquarium_view_2c, aquarium_view_2c, aquarium_pool_five,
          hangedman_feature_mirror
D:2:      layout_rooms
D:3:      layout_basic, lemuel_tele_altar, uniq_sigmund, uniq_ijyb, uniq_terence
D:4:      layout_gridville, minmay_manual_monstrance, uniq_edmund

Skill      XL: |  1  2  3  4  5  6  7 |
---------------+----------------------+-----
Axes           | 3 4 6 7 8 |  8.3
Fighting       | 4 5 6 |  6.1
Armour         | |  3.2
Shields        | |  3.2

Action                   |  1- 3 |  4- 6 |  7- 9 || total
-------------------------+-------+-------+-------++-------
Melee: War axe           |   109 |   156 |    27 ||   292
Armor: Scale mail        |    46 |    65 |     8 ||   119
Dodge: Dodged            |    37 |    55 |    13 ||   105
Block: Kite shield       |    59 |    69 |    14 ||   142
